 Seeded DCSS version 0.32-a0-913-g739538afd8 (webtiles) character file.

Game seed: 17073724502869601980 (custom seed)

117696 timneilson the Tortoise (level 16, -42/139 HPs)
             Began as a Minotaur Fighter on Apr 8, 2024.
             Was an Initiate of Gozag.
             Blown up by an orb spider (58 damage)
             ... with an orb of destruction
             ... on level 3 of the Spider Nest.
             The game lasted 00:56:38 (26015 turns).

timneilson the Tortoise (Minotaur Fighter)         Turns: 26015, Time: 00:56:39

Health: -42/139    AC: 26    Str: 26      XL:     16   Next: 23%
Magic:  15/15      EV: 13    Int:  7      God:    Gozag
Gold:   1346       SH: 15    Dex: 19 (20) Spells: 15/15 levels left

rFire   + . .        s - +3 double sword (venom)
rCold   + . .        c - +1 buckler
rNeg    + + .        V - +1 plate armour {rF+}
rPois   +            W - +3 crown of Dyrovepreva {rElec Int+2 SInv}
rElec   +            S - scarf of Violets {rC+ rF+, Str+4 Stlth+}
rCorr   +            H - +0 pair of gloves
SInv    +            u - +0 pair of boots
Will    +....        w - amulet of Ephemeral Luck {Reflect rPois rF- rN++ Dex+3 Slay+3 SH+5} Stlth
                     o - ring of resist corrosion
HPRegen 0.43/turn    n - +4 ring of slaying
MPRegen 0.14/turn

%: reflection
@: studying 2 skills
A: horns 2, retaliatory headbutt
a: Renounce Religion, Potion Petition, Call Merchant, Bribe Branch


You were on level 3 of the Spider Nest.
You worshipped Gozag.
Gozag was most pleased with you.
You visited 5 branches of the dungeon, and saw 26 of its levels.
You also visited: Volcano.

You collected 7708 gold pieces.
You spent 4051 gold pieces at shops.
You paid 2311 gold pieces to Gozag.

Inventory:

Hand Weapons
 s - a +3 double sword of venom (weapon)
Missiles
 a - 5 throwing nets
 t - 43 poisoned darts
 A - 23 javelins (quivered)
 T - 6 curare-tipped darts
Armour
 c - a +1 buckler (worn)
 u - a +0 pair of boots (worn)
 H - a +0 pair of gloves (worn)
 S - the scarf of Violets (worn) {rC+ rF+, Str+4 Stlth+}
   (You found it on level 4 of the Lair of Beasts)

   Str+4:     It affects your strength (+4).
   Stlth+:    It makes you more stealthy.
 V - a +1 plate armour of fire resistance (worn)
 W - the +3 crown of Dyrovepreva (worn) {rElec Int+2 SInv}
   (You bought it in a shop on level 2 of the Orcish Mines)

   Int+2:     It affects your intelligence (+2).
   rElec:     It insulates you from electricity.
   SInv:      It lets you see invisible.
Jewellery
 n - a +4 ring of slaying (right hand)
 o - a ring of resist corrosion (left hand)
 w - the amulet of Ephemeral Luck (around neck) {Reflect rPois rF- rN++ Dex+3 Slay+3 SH+5}
   (You bought it in a shop on level 8 of the Dungeon)

   [amulet of reflection]

   Reflect:   It reflects blocked missile attacks.
   Dex+3:     It affects your dexterity (+3).
   Slay+3:    It affects your accuracy & damage with ranged weapons and melee
   (+3).
   rF-:       It makes you vulnerable to fire.
   rPois:     It protects you from poison.
   rN++:      It greatly protects you from negative energy.
   SH+5:      It affects your SH (+5).
 C - a ring of protection from fire
Wands
 h - a wand of mindburst (18)
 j - a wand of roots (31)
 v - a wand of flame (33)
 E - a wand of quicksilver (5)
 G - a wand of digging (8)
Scrolls
 m - 3 scrolls of fear
 y - a scroll of blinking
 B - 5 scrolls of teleportation
 F - 3 scrolls of identify
 J - a scroll of immolation
 M - 8 scrolls of poison
 O - 2 scrolls of revelation
 R - a scroll of enchant armour
 U - a scroll of fog
Potions
 d - 3 potions of might
 e - 3 potions of haste
 f - 2 potions of mutation
 i - 5 potions of curing
 k - 3 potions of berserk rage
 q - 3 potions of ambrosia
 x - 3 potions of attraction
 z - 4 potions of enlightenment
 D - 4 potions of heal wounds
 L - a potion of cancellation
Miscellaneous
 g - a condenser vane
 N - a lightning rod (4/4)


   Skills:
 + Level 12.1 Fighting
 * Level 16.3 Long Blades
 + Level 12.9 Throwing
 * Level 19.9 Armour
 + Level 10.4 Dodging
 * Level 18.5 Shields
 + Level 8.7 Evocations


You had 15 spell levels left.
You didn't know any spells.
Your spell library contained the following spells:

 Spells                   Type           Power      Damage    Failure   Level
 Sting                    Conj/Alch      0%         1d3       94%         1
 Blink                    Tloc           0%         N/A       98%         2
 Cigotuvi's Dreadful Rot  Necr/Alch/Air  0%         N/A       98%         2
 Lesser Beckoning         Tloc           0%         N/A       98%         2
 Mercury Vapours          Alch/Air       0%         N/A       98%         2
 Momentum Strike          Conj/Tloc      0%         3d8       98%         2
 Summon Ice Beast         Ice/Summ       0%         N/A       100%        3
 Volatile Blastmotes      Fire/Tloc      0%         2d10      100%        3
 Dispel Undead            Necr           0%         3d6       100%        4
 Fulminant Prism          Conj/Alch      0%         3d5       100%        4
 Iskenderun's Mystic Bla Conj/Tloc 0%             2d3        (+2d1     100%        4
 Martyr's Knell           Necr/Summ      0%         N/A       100%        4
 Olgreb's Toxic Radiance  Alch           0%         N/A       100%        4
 Summon Mana Viper        Hex/Summ       0%         N/A       100%        5
 Conjure Ball Lightning   Conj/Air       0%         3x3d6     100%        6
 Monstrous Menagerie      Summ           0%         N/A       100%        7
 Discord                  Hex            0%         N/A       100%        8
 Disjunction              Tloc           0%         N/A       100%        8


Dungeon Overview and Level Annotations

Branches:
Dungeon (15/15)            Temple (1/1) D:5            Lair (5/5) D:9
 Spider (3/4) Lair:2        Slime (0/5) Lair:5          Orc (2/2) D:12
    Elf (0/3) Orc:2        Vaults (0/5) D:14        Volcano (visited)
  Swamp: Lair:2-3    Shoals: Lair:2-3    Depths: D:15

Altars:
Ashenzari
Cheibriados
Dithmenos
Elyvilon
Fedhas
Gozag
Hepliaklqana
Kikubaaqudgha
Makhleb
Nemelex Xobeh
Okawaru
Qazlal
Ru
Sif Muna
Trog
Uskayaw
Vehumet
Wu Jian
Xom
Yredelemnul
Zin
The Shining One
Jiyva

Shops:
D:8 =   D:12 [([   Orc:2 *[*[


Innate Abilities, Weirdness & Mutations

You have a pair of horns on your head.
You reflexively headbutt those who attack you in melee.


Message History

The jumping spider bites you.
Unknown command.
The web tears apart.
The jumping spider is no longer distracted by gold.
The jumping spider pounces on you! You block the jumping spider's attack.
The jumping spider closely misses you. You block the jumping spider's attack.
The jumping spider pounces on you but does no damage.
The jumping spider bites you but does no damage.
The jumping spider barely misses you. The jumping spider closely misses you.
Press: ? - help, v - describe, . - travel
Here: a jumping spider (severely wounded, berserk, very poisoned)
The floor.
You hit the jumping spider but do no damage.
The jumping spider looks as sick as possible!
The jumping spider is severely wounded.
You block the jumping spider's attack. The jumping spider barely misses you.
You block the jumping spider's attack. The jumping spider bites you.
The orb spider is distracted by your dazzling golden aura.
The orb spider's many legs skitter faintly.
You slice the jumping spider!!
You kill the jumping spider!
You block the jumping spider's attack. x2
The jumping spider pounces on you but does no damage.
The jumping spider bites you but does no damage.
You chop the jumping spider into pieces!!!
You kill the jumping spider!
The orb spider weaves a glowing orb of energy.
An orb of destruction comes into view.
The orb spider pulsates with a strange energy.
The orb spider is no longer distracted by gold.
The orb of destruction hits you!!!
* * * LOW HITPOINT WARNING * * *
The orb spider weaves a glowing orb of energy.
An orb of destruction comes into view.
The orb spider weaves a glowing orb of energy.
An orb of destruction comes into view.
The orb spider spins a strand of pure energy.
The orb spider pulsates with a strange energy.
The orb of destruction hits you!!!
You die...

################### #### ##### #
...^...○^s#....#..###..####.#.###
......s$s°○...#....#^...#.^#..#..
......$○$.○○..^.......#..........
......#.°○.#○..............^..(..
...##^#...###○☼○@......#....#....
.s ####.## #[.........#.#######.
### ##^........### #. #^.^.....##
## ##......## #..###^## #### ###


You could see an orb spider (charged).

Vanquished Creatures
  Saint Roka (Orc:2)
  Jorgrun (Spider:2)
  Frances (Spider:2)
  Kirke (Lair:5)
  3 ghost moths (Spider:2)
  An emperor scorpion (Spider:1)
  2 broodmothers (Spider:2)
  Josephine (D:11)
  Fannar (D:11)
  4 vault guards (D:14)
  An entropy weaver (Spider:1)
  2 hydras (Lair:4)
  A radroach (Lair:2)
  A catoblepas (Lair:2)
  2 centaur warriors
  9 two-headed ogres
  7 boulder beetles
  A tengu warrior (D:15)
  3 orc high priests (Orc:2)
  Urug (Orc:2)
  4 demonic crawlers
  2 skysharks
  A skeletal warrior (D:9)
  2 deep elf archers (D:14)
  5 orb spiders (Spider:2)
  An arcanist (D:14)
  A pharaoh ant (Spider:2)
  9 slime creatures
  An obsidian bat (Orc:2)
  7 orc knights
  3 wolf spiders
  A sun moth (Spider:1)
  3 steelbarb worms
  2 deep elf pyromancers (D:13)
  15 ugly things
  6 orc sorcerers
  3 cyclopes
  9 meliai
  4 manticores
  11 centaur zombies (D:11)
  3 moths of wrath
  Joseph (D:8)
  5 black mambas
  7 kobold blastminers
  An unseen horror (D:12)
  A gargoyle (D:14)
  3 torpor snails
  9 cane toads
  A kobold demonologist (D:11)
  6 komodo dragons
  A yaktaur (D:14)
  2 rime drakes
  A tengu conjurer (D:15)
  A hornet (D:10)
  2 trolls
  2 polar bears
  A tyrant leech (Lair:3)
  9 tarantellas
  3 blink frogs (Lair:3)
  15 jumping spiders
  21 dream sheep
  A meliai zombie (D:11)
  5 shadows (D:11)
  10 wraiths
  4 vampires (D:11)
  6 wyverns
  9 culicivoras
  59 yaks
  A human (D:14)
  5 wargs
  3 steam dragons (D:9)
  15 redbacks
  A basilisk (Lair:3)
  3 hogs (Lair:5)
  Grum (D:11)
  17 vampire mosquitoes
  A swamp worm (Lair:3)
  6 hell hounds
  2 acid dragons
  12 water moccasins
  21 orc warriors
  A black bear (D:6)
  4 laughing skulls
  2 ogres
  5 centaurs
  2 phantoms (D:5)
  18 wolves
  2 kobold brigands
  3 scorpions
  12 bullfrogs
  3 gnoll sergeants
  8 wights
  8 killer bees
  8 howler monkeys
  An electric eel (D:11)
  4 hounds
  23 orc priests
  2 gnoll boudas
  2 sleepcaps
  3 iguanas
  22 orc wizards
  24 gnolls
  11 adders
  A shadow imp (D:8)
  A white imp (D:7)
  2 ufetubi (D:6)
  3 ribbon worms (Lair:2)
  3 dart slugs
  70 orcs
  8 endoplasms
  8 giant cockroaches
  8 hobgoblins
  11 jackals
  4 quokkas
  3 ball pythons
  11 bats
  7 frilled lizards
  6 goblins
  22 kobolds
  5 rats
752 creatures vanquished.

Notes
Turn   | Place    | Note
-------+----------+-------------------------------------------
     0 | D:1      | timneilson the Minotaur Fighter began the quest for the
                  | Orb.
     0 | D:1      | Reached XP level 1. HP: 19/19 MP: 0/0
   123 | D:1      | Identified a scroll of acquirement
   123 | D:1      | Acquired a manual of Armour
   324 | D:1      | Reached skill level 4 in Armour
   324 | D:1      | Reached XP level 2. HP: 27/27 MP: 1/1
   869 | D:2      | Reached XP level 3. HP: 33/33 MP: 2/2
  1166 | D:3      | Found a faded altar of an unknown god.
  1455 | D:4      | Acquired a manual of Throwing
  1508 | D:5      | Entered Level 5 of the Dungeon
  1520 | D:5      | Found a staircase to the Ecumenical Temple.
  1528 | Temple   | Entered the Ecumenical Temple
  1547 | Temple   | Became a worshipper of Gozag Ym Sagoz the Greedy
  1716 | D:2      | Reached skill level 1 in Dodging
  1716 | D:2      | Reached XP level 4. HP: 40/40 MP: 3/3
  1769 | D:2      | Reached skill level 5 in Armour
  2363 | D:3      | Found a radiant altar of Vehumet.
  2857 | D:4      | Reached XP level 5. HP: 43/46 MP: 4/4
  3359 | D:4      | Reached skill level 6 in Armour
  3359 | D:4      | Reached skill level 5 in Shields
  3670 | D:5      | Reached XP level 6. HP: 53/53 MP: 5/5
  3688 | D:5      | Reached skill level 1 in Evocations
  3904 | D:5      | Reached skill level 5 in Long Blades
  3904 | D:5      | Reached skill level 7 in Armour
  3904 | D:5      | Reached XP level 7. HP: 60/60 MP: 6/6
  3927 | D:5      | Reached skill level 5 in Fighting
  4361 | D:5      | Reached skill level 8 in Armour
  4734 | D:6      | Reached XP level 8. HP: 67/68 MP: 7/7
  5452 | D:6      | Reached skill level 1 in Throwing
  5692 | D:7      | Found an iron altar of Okawaru.
  5720 | D:7      | Found a shimmering blue altar of Sif Muna.
  5834 | D:7      | Reached skill level 9 in Armour
  6057 | D:7      | Found a broken altar of Ashenzari.
  6208 | D:7      | Reached XP level 9. HP: 55/75 MP: 8/8
  6230 | D:7      | Reached skill level 10 in Armour
  6989 | D:8      | Reached skill level 11 in Armour
  7272 | D:8      | Identified the +5 long sword of Fear {distort, rC+}
  7333 | D:8      | Found Idowidgh's Jewellery Emporium.
  7337 | D:8      | Bought the amulet of Ephemeral Luck {Reflect rPois rF- rN++
                  | Dex+3 Slay+3 SH+5} for 826 gold pieces
  7449 | D:8      | Noticed Joseph
  7459 | D:8      | Killed Joseph
  7624 | D:8      | Reached XP level 10. HP: 84/84 MP: 9/9
  7769 | D:8      | Found a stormy altar of Qazlal.
  7769 | D:8      | Found a bloodstained altar of Trog.
  7769 | D:8      | Found an ornate altar of the Wu Jian Council.
  8083 | D:9      | Noticed a centaur warrior
  8095 | D:9      | Killed a centaur warrior
  8096 | D:9      | Reached skill level 5 in Throwing
  8096 | D:9      | Reached skill level 12 in Armour
  8096 | D:9      | Reached skill level 5 in Dodging
  8364 | D:9      | Found a staircase to the Lair.
  8464 | D:9      | Noticed a two-headed ogre
  8475 | D:9      | Killed a two-headed ogre
  8561 | D:9      | Noticed a skeletal warrior
  8579 | D:9      | Killed a skeletal warrior
  8580 | D:9      | Reached skill level 13 in Armour
  8835 | D:9      | Noticed a two-headed ogre
  8854 | D:9      | Killed a two-headed ogre
  8954 | D:9      | Reached skill level 10 in Shields
  9003 | D:9      | Found a glowing silver altar of Zin.
  9459 | D:10     | Entered Level 10 of the Dungeon
  9465 | D:10     | Reached XP level 11. HP: 92/92 MP: 10/10
 10384 | D:10     | Reached skill level 10 in Long Blades
 10622 | D:11     | Reached skill level 14 in Armour
 10781 | D:11     | Reached skill level 5 in Evocations
 10849 | Lair:1   | Entered Level 1 of the Lair of Beasts
 11065 | Lair:1   | Reached skill level 15 in Armour
 11299 | Lair:1   | Reached XP level 12. HP: 103/103 MP: 11/11
 11561 | Lair:2   | Noticed a demonic crawler
 11573 | Lair:2   | Killed a demonic crawler
 11638 | Lair:2   | Noticed a catoblepas
 11669 | Lair:2   | Killed a catoblepas
 11802 | Lair:2   | Reached skill level 16 in Armour
 12019 | Lair:2   | You fall into a shaft and drop 1 floor!
 12322 | Lair:2   | Found a hole to the Spider Nest.
 13180 | Lair:4   | Identified the scarf of Violets {rC+ rF+, Str+4 Stlth+}
 13206 | Lair:4   | Identified the maw talisman of the Foremost Coins {Int+3
                  | Dex+3}
 13231 | Lair:4   | Noticed a six-headed hydra
 13238 | Lair:4   | Killed a six-headed hydra
 13239 | Lair:4   | Reached skill level 17 in Armour
 13411 | Lair:4   | Reached XP level 13. HP: 100/111 MP: 12/12
 14083 | Lair:4   | Acquired a +2 double sword of electrocution
 14118 | Lair:5   | Entered Level 5 of the Lair of Beasts
 14297 | D:8      | Bought a ring of protection from fire for 325 gold pieces
 14412 | D:11     | Noticed Josephine
 14421 | D:11     | Killed Josephine
 14802 | D:11     | Noticed Grum
 14810 | D:11     | Killed Grum
 14936 | D:11     | Reached skill level 10 in Fighting
 14948 | D:11     | Noticed Fannar
 14962 | D:11     | Killed Fannar
 15106 | D:11     | Reached skill level 10 in Throwing
 15327 | D:12     | Found a staircase to the Orcish Mines.
 15524 | D:12     | Identified the scarf of Mischum {rC+ rF+, rN+ Str+4 Dex-2}
 15565 | D:12     | Found a hide-covered altar of Uskayaw.
 15855 | D:12     | Reached skill level 18 in Armour
 16117 | D:13     | Reached XP level 14. HP: 121/121 MP: 13/13
 16800 | D:13     | Acquired a manual of Shields
 16838 | D:14     | Found a radiant altar of Vehumet.
 17936 | Orc:1    | Entered Level 1 of the Orcish Mines
 17952 | Orc:1    | Found a dark tunnel.
 17967 | Volcano  | Entered a volcano
 18404 | Lair:4   | Reached skill level 15 in Shields
 19286 | Orc:2    | Entered Level 2 of the Orcish Mines
 19287 | Orc:2    | Noticed Urug
 19304 | Orc:2    | Killed Urug
 19450 | Orc:2    | Found a staircase to the Elven Halls.
 19974 | Orc:2    | Noticed Saint Roka
 20433 | Lair:5   | Noticed Kirke
 20449 | Lair:5   | Killed Kirke
 20485 | Lair:5   | Found a staircase to the Slime Pits.
 20485 | Lair:5   | Found a viscous altar of Jiyva.
 20544 | Lair:5   | Reached XP level 15. HP: 121/129 MP: 14/14
 20819 | Orc:2    | Killed Saint Roka
 20841 | Orc:2    | Reached skill level 15 in Long Blades
 21011 | Orc:2    | Reached skill level 19 in Armour
 21201 | Orc:2    | Found Beberr's Antique Armour Shoppe.
 21201 | Orc:2    | Found Zaraefiat's Assorted Antiques.
 21202 | Orc:2    | Found Vyitsich's Assorted Antiques.
 21210 | Orc:2    | Found Qiefism's Armour Shop.
 21212 | Orc:2    | Bought a condenser vane for 880 gold pieces
 21212 | Orc:2    | Bought a potion of curing for 66 gold pieces
 21212 | Orc:2    | Bought a scroll of identify for 44 gold pieces
 21212 | Orc:2    | Bought a scroll of revelation for 165 gold pieces
 21214 | Orc:2    | Bought the +3 crown of Dyrovepreva {rElec Int+2 SInv} for
                  | 538 gold pieces
 21214 | Orc:2    | Found the +3 crown of Dyrovepreva {rElec Int+2 SInv}
 21233 | Orc:2    | Bought a scroll of brand weapon for 323 gold pieces
 21338 | D:12     | Bought a glowing plate armour for 884 gold pieces
 21814 | D:14     | Found a gate to the Vaults.
 21972 | D:15     | Entered Level 15 of the Dungeon
 23136 | Spider:1 | Entered Level 1 of the Spider Nest
 23283 | Spider:1 | HP: 6/132 [redback (3)]
 23645 | Spider:1 | Reached skill level 10 in Dodging
 23852 | Spider:1 | Noticed an emperor scorpion
 23870 | Spider:1 | Killed an emperor scorpion
 24033 | Spider:2 | Noticed Jorgrun
 24053 | Spider:2 | Killed Jorgrun
 24362 | Spider:2 | Noticed Frances
 24372 | Spider:2 | Killed Frances
 24712 | Spider:2 | Reached XP level 16. HP: 59/139 MP: 15/15
 26015 | Spider:3 | Blown up by an orb spider

Illustrated notes

Levels and vault maps discovered:
D:1:      lightli_arrival_windingriver, layout_loops_ring
D:2:      layout_basic, dk_noncrumbling_3
D:3:      layout_loops_corners, mainiacjoe_overflow_boulevard,
          shapermc_ecumenical_altar_gd, minmay_misc_feat_alley, st_stairs_8
D:4:      layout_gridville, lemuel_flame_loot_1
D:5:      layout_basic, minmay_temple_entry_stoned_glass
D:6:      layout_basic, grunt_decor_mini_mirrors
D:7:      layout_loops_cross, mainiacjoe_overflow_six_doors_small,
          lemuel_round_altar, lemuel_blue_sif_altar
D:8:      layout_cave_pools, gammafunk_temple_overflow_claw, serial_shops, shop,
          hangedman_abyss_or_decor_passed, fungi_pond_lemuel, uniq_joseph
D:9:      layout_basic, dpeg_oklobed_lair, minmay_ruined_shrine
D:10:     layout_loops_corners
D:11:     layout_long_grid, serial_undead, serial_undead_d, serial_undead_d,
          serial_undead_d, serial_undead_f, serial_undead_e, serial_undead_f,
          serial_undead_f, uniq_josephine, uniq_grum, uniq_fannar
D:12:     layout_irregular_city, orc_0_dummy, eat_drink_and_be_merry_uskayaw
D:13:     layout_long_grid
D:14:     layout_stronghold, grunt_vaults_entry_fortified, vehumet_crystals
D:15:     grunt_enter_depths_magical_seal, layout_stronghold, glass_columns_a
Temple:   nicolae_temple_superstar
Lair:1:   layout_cave_shapes, lemuel_fruit_tree
Lair:2:   layout_misc_corridors, nicolae_spider_entry_non_spiders, minmay_holes
Lair:3:   layout_roguey, palyth_hydra_swamp_entry
Lair:4:   layout_long_grid
Lair:5:   evil_forest, layout_cave_pods, slime_entry_1, uniq_kirke
Spider:1: layout_spider_delve
Spider:2: layout_spider_delve, hangedman_spider_tarantella_strand, uniq_frances,
          uniq_jorgrun
Spider:3: layout_spider_delve, uniq_aizul
Orc:1:    layout_caves, enter_volcano_3
Orc:2:    st_orc_elflike, layout_caves, uniq_saint_roka, uniq_urug

Skill      XL: |  1  2  3  4  5  6  7  8  9 10 11 12 13 14 15 |
---------------+----------------------------------------------+-----
Armour         | 4 5 6 7 8 9 11 13 15 17 18 19 | 19.9
Shields        | 4 5 6 7 8 10 11 12 13 16 18 | 18.5
Long Blades    | 3 4 5 7 8 9 11 12 13 14 16 | 16.3
Fighting       | 4 5 6 7 8 9 10 11 12 | 12.1
Dodging        | 1 2 3 4 5 6 7 8 9 10 | 10.4
Evocations     | 1 2 3 4 5 6 7 8 |  8.7
Throwing       | 2 4 6 7 9 10 11 12 | 12.9

Action                     |  1- 3 |  4- 6 |  7- 9 | 10-12 | 13-15 | 16-18 || total
---------------------------+-------+-------+-------+-------+-------+-------++-------
  Melee: Long sword        |   122 |   144 |   121 |       |       |       ||   387
         Headbutt          |    17 |    17 |    71 |   164 |   309 |    33 ||   611
         Scimitar          |       |       |   225 |   563 |    36 |       ||   824
         Double sword      |       |       |       |       |   980 |    91 ||  1071
  Throw: Javelin           |       |       |       |     3 |    19 |       ||    22
 Invoke: Call Merchant     |       |       |       |       |     3 |       ||     3
  Evoke: Wand              |       |       |       |     2 |     5 |       ||     7
    Use: Scroll            |     4 |     5 |     6 |     9 |    12 |       ||    36
         Potion            |       |       |     1 |       |     6 |       ||     7
   Stab: Distracted        |       |       |     2 |     3 |     5 |     1 ||    11
         Confused          |       |       |       |       |     5 |       ||     5
 Armour: Scale mail        |    51 |       |       |       |       |       ||    51
         Chain mail        |    42 |   104 |   161 |       |       |       ||   307
         Plate armour      |       |       |    74 |   298 |   558 |    98 ||  1028
  Dodge: Dodged            |    40 |    55 |   106 |   122 |   316 |    71 ||   710
  Block: Buckler           |    31 |    54 |   109 |   331 |   667 |    74 ||  1266
         Reflection        |       |       |     4 |    12 |    46 |       ||    62

Table legend: (Time is in decaauts)
 A = Elapsed time spent in this place.
 B = Non-inter-level travel time spent in this place.
 C = Inter-level travel time spent in this place.
 D = Time resting spent in this place.
 E = Time spent auto-exploring this place.
 F = Levels seen in this place.
 G = Mean time per level.
                   A        B        C        D        E       F      G
               +--------+--------+--------+--------+--------+-----+--------+
         Total |  25898 |  23896 |   2002 |   3132 |  13992 |  27 |  959.2 |
       Dungeon |  16711 |  15448 |   1263 |   1365 |   9867 |  15 | 1114.1 |
        Temple |     38 |     20 |     18 |      0 |      0 |   1 |   38.0 |
          Lair |   4692 |   4097 |    595 |    654 |   2166 |   5 |  938.4 |
   Spider Nest |   2409 |   2366 |     43 |    684 |   1077 |   3 |  803.0 |
  Orcish Mines |   1895 |   1813 |     82 |    429 |    882 |   2 |  947.5 |
       Volcano |    151 |    151 |      0 |      0 |      0 |   1 |  151.0 |
               +--------+--------+--------+--------+--------+-----+--------+

Top non-repeatable levels by time:
    D:14: 1720 daAuts
Spider:2: 1569 daAuts
     D:9: 1466 daAuts
  Lair:2: 1424 daAuts
    D:10: 1395 daAuts
     D:7: 1389 daAuts
  Lair:4: 1386 daAuts
     D:8: 1209 daAuts
     D:6: 1183 daAuts
    D:11: 1142 daAuts
    D:12: 1130 daAuts
     D:4: 1054 daAuts
     D:2: 1026 daAuts
   Orc:1: 987 daAuts
    D:15: 968 daAuts
